 Dungeon Crawl Stone Soup version 0.20.1-1-g8b1a95d (webtiles) character file.

23416 parnic4 the Protected (level 13, -4/73 HPs)
             Began as a Gargoyle Berserker on July 11, 2017.
             Was an Elder of Trog.
             Killed from afar by an acid blob (10 damage)
             ... with a splash of acid
             ... on level 1 of the Pits of Slime.
             The game lasted 01:42:06 (15871 turns).

parnic4 the Protected (Gargoyle Berserker)         Turns: 15871, Time: 01:42:06

Health: -4/73      AC: 21    Str: 25    XL:     13   Next: 6%
Magic:  4/4        EV:  9    Int:  9    God:    Trog [****..]
Gold:   845        SH:  5    Dex:  9    Spells: 12/12 levels left

rFire    . . .     SeeInvis .   d - +9 bardiche (antimagic)
rCold    . . .     Gourm    .   (shield currently unavailable)
rNeg     + . .     Faith    .   H - +3 plate armour
rPois    ∞         Spirit   .   l - +0 hat
rElec    +         Reflect  +   u - +1 cloak
rCorr    .         Harm     .   T - +0 pair of gloves
MR       +....     Clarity  +   y - +2 pair of boots
Stlth    ..........             M - +5 amulet of reflection
Regen    0.3/turn               W - +3 ring of protection
MPRegen  0.1/turn               (no ring)

@: corroded
A: talons 1, blink, clarity, frail 1, magic resistance 1, negative energy
resistance 1, electricity resistance, unbreathing, evolution 2, petrification
resistance, no potion heal 1, rot immunity, AC +9
a: Blink, Berserk, Trog's Hand, Brothers in Arms, Burn Spellbooks, Renounce
Religion


You were on level 1 of the Pits of Slime.
You worshipped Trog.
Trog was greatly pleased with you.
You were hungry.

You visited 4 branches of the dungeon, and saw 19 of its levels.
You visited the Abyss 1 time.
You also visited: Bailey.

You collected 845 gold pieces.

Inventory:

Hand Weapons
 d - a +9 antimagic bardiche (weapon)
 f - a +6 dire flail of crushing
 t - a +2 quarterstaff of chaos
 P - a +6 antimagic great mace
Missiles
 r - 2 throwing nets
 G - 3 silver javelins (quivered)
Armour
 l - a +0 hat (worn)
 u - a +1 cloak (worn)
 y - a +2 pair of boots (worn)
 H - a +3 plate armour (worn)
 T - a +0 pair of gloves (worn)
Magical Staves
 A - a cursed staff of summoning {unknown}
Jewellery
 B - an uncursed ring of positive energy
 M - a +5 amulet of reflection (around neck)
 Q - an uncursed ring of flight
 R - an uncursed ring of protection from magic {unknown}
 W - a +3 ring of protection (left hand)
Wands
 a - a wand of random effects (35/48)
 m - a wand of iceblast (8/15)
 n - a wand of iceblast (3/15)
 q - a wand of flame (8/48)
 I - a wand of paralysis (6/24)
 J - a wand of polymorph (8/24)
Scrolls
 j - 3 scrolls of recharging
 w - a scroll of magic mapping
 z - a scroll of summoning {unknown}
 D - a scroll of teleportation
 E - a scroll of silence {unknown}
 F - a scroll of random uselessness {unknown}
 N - 2 scrolls of amnesia
 U - a scroll of blinking {unknown}
Potions
 b - 3 potions of cancellation {unknown}
 h - a potion of degeneration {unknown}
 i - 2 potions of brilliance
 k - 2 potions of ambrosia {unknown}
 s - 3 potions of haste
 v - 3 potions of lignification {unknown}
 x - 2 potions of flight {unknown}
 C - 6 potions of curing {unknown}
 K - 2 potions of agility {unknown}
 L - a potion of resistance {unknown}
Books
 S - a book of Battle

   Spells                             Type                      Level
   a - Infusion                       Charms                       1
   b - Shroud of Golubria             Charms/Translocation         2
   c - Song of Slaying                Charms                       2
   d - Spectral Weapon                Hexes/Charms                 3
   e - Regeneration                   Charms/Necromancy            3
   Trog disapproves of the use of such an item.
Miscellaneous
 e - a phantom mirror
 p - a lightning rod (3/4)
Comestibles
 c - 3 bread rations
 g - 3 meat rations
 o - 10 fruits
 V - a royal jelly


   Skills:
 + Level 10.2 Fighting
   Level 4.1 Short Blades
 + Level 9.6(11.3) Maces & Flails
 + Level 7.6(9.5) Polearms
 + Level 9.9(12.4) Staves
 + Level 0.6 Throwing
 + Level 10.4 Armour
 + Level 4.5 Dodging
 + Level 2.5 Stealth
 + Level 1.2 Evocations


You had 12 spell levels left.
You didn't know any spells.

Dungeon Overview and Level Annotations

Branches:
Dungeon (11/15)            Temple (0/1) D:5            Lair (6/6) D:11
  Slime (1/5) Lair:6          Orc (1/2) D:10
  Swamp: Lair:2-4    Shoals: Lair:2-4     Snake: Lair:2-4    Spider: Lair:2-4

Altars:
Gozag
Trog
Uskayaw
Xom
Yredelemnul

Shops:
D:8 (

Annotations:
D:6 Eustachio, Grinder
D:10 Erolcha


Innate Abilities, Weirdness & Mutations

You are resistant to torment.
Your stone body is resilient. (AC +9)
You are immune to poison.
You resist negative energy. (rN+)
You are resistant to electric shocks. (rElec)
You can survive without breathing.
You are immune to petrification.
You are immune to rotting.
You have sharp toenails.
You can translocate small distances at will.
You possess an exceptional clarity of mind.
You are frail. (-10% HP)
You are resistant to hostile enchantments. (MR+)
You rapidly evolve.
Potions are less effective at restoring your health.


Message History

Found a stone staircase leading down.
There is a staircase back to the Lair here.
The acid blob spits acid at you. The splash of acid hits you!
The acid corrodes you!
You are splashed with acid!
The acid burns!
You hit the acid blob.
Your hands burn!
The acid blob is lightly wounded.
The acid blob spits acid at you. The splash of acid hits you!
The acid corrodes you!
You are splashed with acid!
The acid burns!
The acid blob hits you. The acid corrodes you!
You are splashed with acid!
The acid burns!
* * * LOW HITPOINT WARNING * * *
The acid blob spits acid at you. The splash of acid hits you!
The acid corrodes you!
You are splashed with acid!
The acid burns!
* * * LOW HITPOINT WARNING * * *
There is a staircase back to the Lair here.
The acid blob spits acid at you. The splash of acid hits you!
You die...

..........##
...........
...........
#.#.......
#........## #
..........##.##
.........J....##
#...@.......#
#.............#
...............#
.....#........##
...............#
................
.........>.....#
................


You could see an acid blob.

Vanquished Creatures
  A tentacled starspawn (Abyss:1)
  A death yak (D:10)
  3 two-headed ogres
  Pikel (D:5)
  2 black mambas
  3 elephants (Lair:2)
  A smoke demon (Abyss:1)
  3 spiny frogs
  Psyche (D:9)
  5 komodo dragons
  5 polar bears (D:10)
  A troll (D:10)
  A hornet (D:10)
  3 hippogriffs
  A slime creature (Lair:6)
  5 dream sheep (Lair:4)
  A wyvern (Lair:4)
  9 yaks
  A basilisk (Lair:5)
  Grum (D:9)
  A hungry ghost (D:9)
  The ghost of smzp the Firebug, an amateur DsFE (D:4)
  Menkaure (D:5)
  Edmund (D:5)
  A soldier ant (D:10)
  The ghost of Giltor the Sneak, an amateur KoEn of Trog (D:3)
  7 water moccasins
  2 porcupines
  2 sky beasts
  7 orc warriors
  4 black bears
  3 ogres
  2 ice beasts
  2 necrophages
  9 wolves
  3 centaurs
  3 phantoms
  6 crocodiles
  A big kobold (D:7)
  14 bullfrogs
  A scorpion (D:4)
  A troll zombie (D:10)
  14 killer bees
  5 howler monkeys
  An electric eel (D:7)
  2 bullfrog zombies
  A crimson imp (D:7)
  5 jellies
  A quasit (D:9)
  2 bullfrog skeletons (D:4)
  A centaur zombie (D:5)
  Crazy Yiuf (D:2)
  A centaur skeleton (D:10)
  5 hounds
  8 orc priests
  9 orc wizards
  5 iguanas
  6 worker ants
  6 hell rats (Lair:6)
  3 ogre zombies (D:10)
  2 hound zombies
  2 hound skeletons
  A worker ant zombie (D:8)
  8 gnolls
  4 adders
  A shadow imp (D:5)
  2 adder zombies
  7 worms
  A dart slug (D:1)
  2 leopard geckos
  60 orcs
  7 giant cockroaches
  8 goblins
  9 hobgoblins
  21 jackals
  13 kobolds
  5 quokkas
  2 ball pythons
  7 bats
  5 frilled lizards
  A goblin skeleton (D:10)
  2 hobgoblin skeletons (D:10)
  A hobgoblin zombie (D:10)
  A jackal skeleton (D:4)
  A jackal zombie (D:9)
  A leopard gecko skeleton (D:8)
  3 orc skeletons (D:10)
  6 orc zombies (D:10)
  A quokka zombie (D:5)
  14 rats
  2 fungi
  2 plants (Lair:4)
  A starspawn tentacle (Abyss:1)
401 creatures vanquished.

Vanquished Creatures (collateral kills)
  A two-headed ogre (D:10)
  A manticore (D:10)
  A hog (D:10)
  An ogre (D:6)
  4 black bears (D:10)
  A howler monkey (D:6)
  A hound (D:6)
  An orc (D:6)
11 creatures vanquished.

Vanquished Creatures (others)
  2 slaves (D:5)
  Blork the orc (D:5)
  A scorpion (D:5)
  A hound (D:5)
  2 orc wizards
  An adder zombie (D:5)
  3 orcs (D:5)
  8 fungi
  7 plants (Lair:6)
  3 starspawn tentacles (Abyss:1)
29 creatures vanquished.

Grand Total: 441 creatures vanquished

Notes
Turn   | Place    | Note
-------+----------+-------------------------------------------
     0 | D:1      | parnic4 the Gargoyle Berserker began the quest for the Orb.
     0 | D:1      | Reached XP level 1. HP: 14/14 MP: 1/1
   107 | D:1      | Reached XP level 2. HP: 8/19 MP: 2/2
   567 | D:1      | Reached XP level 3. HP: 22/24 MP: 3/3
   598 | D:1      | Reached ** piety under Trog
  1430 | D:2      | Reached XP level 4. HP: 29/29 MP: 4/4
  1740 | D:2      | Found a faded altar of an unknown god.
  2116 | D:2      | Found a runed door.
  2120 | D:2      | Noticed Crazy Yiuf
  2128 | D:2      | Killed Crazy Yiuf
  2128 | D:2      | Reached skill level 1 in Polearms
  2128 | D:2      | Reached XP level 5. HP: 28/33 MP: 5/5
  2795 | D:3      | Noticed Giltor's ghost (amateur KoEn)
  2814 | D:3      | Killed Giltor's ghost
  2814 | D:3      | Reached skill level 1 in Staves
  2814 | D:3      | Reached XP level 6. HP: 36/39 MP: 6/6
  3412 | D:4      | Reached *** piety under Trog
  3609 | D:4      | Noticed smzp's ghost (amateur DsFE)
  3624 | D:4      | Killed smzp's ghost
  3624 | D:4      | Reached XP level 7. HP: 33/44 MP: 7/7
  3981 | D:4      | Reached skill level 5 in Staves
  4284 | D:5      | Entered Level 5 of the Dungeon
  4302 | D:5      | Found a shimmering altar of Xom.
  4357 | D:5      | Reached skill level 5 in Fighting
  4357 | D:5      | Reached XP level 8. HP: 49/49 MP: 8/8
  4415 | D:5      | Found a staircase to the Ecumenical Temple.
  4426 | D:5      | Noticed Pikel
  4434 | D:5      | Noticed Menkaure
  4447 | D:5      | Killed Pikel
  4447 | D:5      | Reached skill level 5 in Armour
  4447 | D:5      | Reached skill level 1 in Stealth
  4452 | D:5      | Noticed Blork the orc
  4453 | D:5      | Reached **** piety under Trog
  4454 | D:5      | Killed Menkaure
  4454 | D:5      | Reached XP level 9. HP: 32/55 MP: 9/9
  4466 | D:5      | Killed Blork the orc
  4708 | D:5      | Noticed Edmund
  4720 | D:5      | Killed Edmund
  5337 | D:6      | Received a gift from Trog
  5517 | D:6      | Gained mutation: Scrolls take you a little longer to read. [potion of mutation]
  5517 | D:6      | Gained mutation: Your mind is acute. (Int +2) [potion of mutation]
  5517 | D:6      | Lost mutation: Your mind is acute. (Int +2) [potion of mutation]
  5517 | D:6      | Gained mutation: You have a pair of small horns on your head. [potion of mutation]
  5518 | D:6      | Lost mutation: Scrolls take you a little longer to read. [potion of mutation]
  5518 | D:6      | Lost mutation: You have a pair of small horns on your head. [potion of mutation]
  5518 | D:6      | Gained mutation: You tend to lose your temper in combat. [potion of mutation]
  5518 | D:6      | Gained mutation: Your spells are a little easier to cast, but a little less powerful. [potion of mutation]
  5518 | D:6      | Gained mutation: You are partially covered in slimy green scales. (AC +2) [potion of mutation]
  5519 | D:6      | Lost mutation: Your spells are a little easier to cast, but a little less powerful. [potion of mutation]
  5519 | D:6      | Lost mutation: You tend to lose your temper in combat. [potion of mutation]
  5519 | D:6      | Gained mutation: You are clumsy. (Dex -2) [potion of mutation]
  5519 | D:6      | Gained mutation: Potions are less effective at restoring your health. [potion of mutation]
  5519 | D:6      | Gained mutation: You evolve. [potion of mutation]
  5519 | D:6      | Gained mutation: Your mind is acute. (Int +2) [potion of mutation]
  5638 | D:6      | Noticed Grinder
  5638 | D:6      | Paralysed by Grinder for 2 turns
  5642 | D:6      | Paralysed by Grinder for 3 turns
  5645 | D:6      | Noticed Eustachio
  5804 | D:7      | Reached skill level 1 in Short Blades
  6083 | D:7      | Gained mutation: You have large cloven feet. [evolution]
  6237 | D:7      | Lost mutation: You are partially covered in slimy green scales. (AC +2) [potion of mutation]
  6237 | D:7      | Lost mutation: You have large cloven feet. [potion of mutation]
  6237 | D:7      | Lost mutation: Your mind is acute. (Int +2) [potion of mutation]
  6237 | D:7      | Gained mutation: Your natural rate of healing is unusually fast. [potion of mutation]
  6237 | D:7      | Gained mutation: Potions are poor at restoring your health. [potion of mutation]
  6237 | D:7      | Gained mutation: You are partially covered in rugged brown scales. (AC +1, +3% HP) [potion of mutation]
  6269 | D:7      | Found a basalt altar of Yredelemnul.
  6276 | D:7      | Found a hide-covered altar of Uskayaw.
  6276 | D:7      | Found an opulent altar of Gozag.
  7250 | D:7      | Reached XP level 10. HP: 62/62 MP: 10/10
  7734 | D:8      | Reached skill level 1 in Evocations
  7772 | D:8      | Noticed a moth of wrath
  7774 | D:8      | Found a bloodstained altar of Trog.
  7814 | D:8      | Reached ***** piety under Trog
  8022 | D:8      | Noticed a two-headed ogre
  8046 | D:8      | Killed a two-headed ogre
  8068 | D:8      | Received a gift from Trog
  8079 | D:8      | Lost mutation: Potions are poor at restoring your health. [mutagenic meat]
  8080 | D:8      | Gained mutation: Potions are poor at restoring your health. [mutagenic meat]
  8081 | D:8      | Gained mutation: You rapidly evolve. [mutagenic meat]
  8082 | D:8      | Gained mutation: You are dopey. (Int -2) [mutagenic meat]
  8204 | D:8      | Found Jiduh's Weapon Shoppe.
  8380 | D:8      | Gained mutation: Your muscles are strong. (Str +2) [evolution]
  8594 | D:9      | Noticed Psyche
  8601 | D:9      | Cast into level 1 of the Abyss (Psyche)
  8601 | Abyss:1  | Found a corrupted altar of Lugonu.
  8678 | Abyss:1  | Noticed a smoke demon
  8685 | Abyss:1  | Killed a smoke demon
  8789 | Abyss:1  | Noticed a tentacled starspawn
  8800 | Abyss:1  | Killed a tentacled starspawn
  8800 | Abyss:1  | Reached XP level 11. HP: 64/71 MP: 3/11
  8833 | Abyss:1  | Noticed a large abomination
  8833 | D:9      | Escaped the Abyss
  8838 | D:9      | Killed Psyche
  8985 | D:9      | Noticed Grum
  9052 | D:9      | Killed Grum
  9076 | D:9      | Lost mutation: You are clumsy. (Dex -2) [potion of mutation]
  9076 | D:9      | Lost mutation: Your muscles are strong. (Str +2) [potion of mutation]
  9076 | D:9      | Lost mutation: Your natural rate of healing is unusually fast. [potion of mutation]
  9076 | D:9      | Lost mutation: You are partially covered in rugged brown scales. (AC +1, +3% HP) [potion of mutation]
  9076 | D:9      | Gained mutation: You do not regenerate when monsters are visible. [potion of mutation]
  9076 | D:9      | Gained mutation: You can translocate small distances at will. [potion of mutation]
  9077 | D:9      | Lost mutation: Potions are poor at restoring your health. [potion of mutation]
  9077 | D:9      | Lost mutation: You are dopey. (Int -2) [potion of mutation]
  9077 | D:9      | Lost mutation: You do not regenerate when monsters are visible. [potion of mutation]
  9077 | D:9      | Lost mutation: You rapidly evolve. [potion of mutation]
  9077 | D:9      | Gained mutation: You have sharp toenails. [potion of mutation]
  9077 | D:9      | Gained mutation: You are resistant to hostile enchantments. (MR+) [potion of mutation]
  9099 | D:9      | Noticed a two-headed ogre
  9106 | D:9      | Killed a two-headed ogre
  9580 | D:9      | Paralysed by fainting for 7 turns
  9722 | D:10     | Entered Level 10 of the Dungeon
  9952 | D:10     | Found a huge runed gate.
  9952 | D:10     | Found a huge runed gate.
  9952 | D:10     | Found a huge runed gate.
  9952 | D:10     | Found a huge runed gate.
  9953 | D:10     | Noticed a death yak
  9953 | D:10     | Noticed a manticore
 10021 | D:10     | Killed a death yak
 10046 | D:10     | Killed a manticore
 10504 | D:10     | Gained mutation: You are frail. (-10% HP) [evolution]
 10747 | D:10     | Noticed a two-headed ogre
 10759 | D:10     | Killed a two-headed ogre
 10759 | D:10     | Reached XP level 12. HP: 49/68 MP: 4/12
 10807 | D:10     | Found a staircase to the Orcish Mines.
 10830 | Orc:1    | Entered Level 1 of the Orcish Mines
 10990 | Orc:1    | Noticed an orc high priest
 11059 | D:10     | Received a gift from Trog
 11235 | D:10     | Noticed a two-headed ogre
 11249 | D:10     | Noticed Erolcha
 11253 | D:10     | Killed a two-headed ogre
 11312 | D:11     | Found a flagged portal.
 11474 | Bailey   | Entered a bailey
 11905 | D:11     | Found a staircase to the Lair.
 11923 | Lair:1   | Entered Level 1 of the Lair of Beasts
 13042 | Lair:2   | Gained mutation: You rapidly evolve. [evolution]
 13268 | Lair:3   | Reached skill level 5 in Polearms
 15006 | Lair:5   | Reached skill level 10 in Armour
 15281 | Lair:5   | Reached skill level 10 in Fighting
 15357 | Lair:5   | Gained mutation: You possess an exceptional clarity of mind. [evolution]
 15367 | Lair:6   | Entered Level 6 of the Lair of Beasts
 15392 | Lair:5   | Reached XP level 13. HP: 61/73 MP: 4/13
 15798 | Lair:6   | Found a staircase to the Slime Pits.
 15867 | Slime:1  | Entered Level 1 of the Pits of Slime
 15867 | Slime:1  | Noticed an acid blob
 15871 | Slime:1  | Killed from afar by an acid blob

Skill      XL: |  1  2  3  4  5  6  7  8  9 10 11 12 |
---------------+-------------------------------------+-----
Dodging        | 2 3 4 |  4.5
Armour         | 3 4 5 6 7 9 10 | 10.4
Fighting       | 4 5 6 8 9 10 | 10.2
Polearms       | 1 7 |  7.6
Staves         | 1 3 5 8 9 |  9.9
Stealth        | 1 2 |  2.5
Short Blades   | 3 4 |  4.1
Evocations     | 1 |  1.2
Maces & Flails | 6 9 |  9.6
Throwing       | |  0.6

Action                   |  1- 3 |  4- 6 |  7- 9 | 10-12 | 13-15 || total
-------------------------+-------+-------+-------+-------+-------++-------
Melee: Mace              |   142 |     7 |       |       |       ||   149
       Halberd           |       |    77 |       |       |       ||    77
       Quarterstaff      |       |   124 |   152 |   133 |       ||   409
       Short sword       |       |       |   646 |    18 |       ||   664
       Great mace        |       |       |       |   297 |       ||   297
       Bardiche          |       |       |       |   323 |    37 ||   360
Throw: Javelin           |       |       |     3 |       |       ||     3
       Throwing net      |       |       |     2 |       |       ||     2
Invok: Berserk           |     1 |     1 |     3 |     7 |     1 ||    13
       Brothers in Arms  |       |       |     1 |     2 |       ||     3
       Trog's Hand       |       |       |       |     4 |       ||     4
       Burn Spellbooks   |       |       |       |     3 |       ||     3
 Abil: Blink             |       |       |       |    14 |     1 ||    15
Evoke: Wand              |       |       |     5 |     4 |       ||     9
       Lightning rod     |       |       |       |     1 |       ||     1
  Use: Potion            |     2 |       |     6 |     7 |       ||    15
       Scroll            |       |     6 |     1 |    12 |     2 ||    21
 Stab: Paralysed         |       |       |       |     1 |       ||     1
  Eat: Chunk             |     2 |     9 |    14 |    22 |       ||    47
       Bread ration      |       |       |     1 |     4 |       ||     5
       Meat ration       |       |       |       |     2 |       ||     2
       Fruit             |       |       |       |     1 |     3 ||     4
Armor: Animal skin       |    13 |       |       |       |       ||    13
       Chain mail        |   103 |   154 |   552 |   463 |       ||  1272
       Plate armour      |       |       |       |   511 |    62 ||   573
Dodge: Dodged            |   104 |   106 |   350 |   732 |    44 ||  1336
Block: Other             |       |       |    21 |   339 |    23 ||   383
       Reflection        |       |       |     2 |       |       ||     2
